SAAA
TORTOLITA DRUMMERS @ JERSEY CITY TRITONS
07/29/2027
 
TOP OF THE 1ST
Tortolita Drummers batting - Pitching for Jersey City Tritons : LHP Carlos Medina
Pitching: LHP Carlos Medina
Batting: RHB Sean Godron 0-0: Foul Ball, location: 2F
0-1: Swinging Strike
0-2: Foul Ball, location: 2F
0-2: Ball
1-2: Foul Ball, location: 2F
1-2: Fly out, F8 (Flyball, 89M)
Batting: RHB Nathan Horton 0-0: Foul Ball, location: 2F
0-1: SINGLE (Flyball, 7S)
Batting: LHB Jesús Morales 0-0: Ball
1-0: Foul Ball, location: 2F
1-1: Ball
2-1: Ball
3-1: Fly out, F9 (Line Drive, 9)
Batting: RHB Eddie O'Bryan 0-0: Called Strike
Nathan Horton is caught stealing 2nd base
Top of the 1st over - 0 run(s), 1 hit(s), 0 error(s), 0 left on base; Tortolita 0 - Jersey City 0
BOTTOM OF THE 1ST
Jersey City Tritons batting - Pitching for Tortolita Drummers : RHP Jim Unknown
Pitching: RHP Jim Unknown
Batting: RHB Luis Rodríguez 0-0: Ball
1-0: Ball
2-0: Foul Ball, location: 2F
2-1: Called Strike
2-2: Ball
3-2: Foul Ball, location: 2F
3-2: Reached on error, E3 (Groundball, 34S)
Batting: RHB Brandon Reed 0-0: Called Strike
0-1: Called Strike
0-2: Ball
1-2: Foul Ball, location: 2F
1-2: Strikes out swinging
Batting: LHB Preston Witt 0-0: Ball
1-0: Ground out 5-3 (Groundball, 56S)
Luis Rodríguez to second
Batting: RHB Mike Greene 0-0: Ball
1-0: Foul Ball, location: 2F
1-1: Foul Ball, location: 2F
1-2: Fly out, F2 (Popup, 2L)
Bottom of the 1st over - 0 run(s), 0 hit(s), 1 error(s), 1 left on base; Tortolita 0 - Jersey City 0
TOP OF THE 2ND
Tortolita Drummers batting - Pitching for Jersey City Tritons : LHP Carlos Medina
Batting: RHB Eddie O'Bryan 0-0: Ball
1-0: Ball
2-0: Swinging Strike
2-1: Foul Ball, location: 2F
2-2: Ball
3-2: Foul Ball, location: 2F
3-2: Strikes out swinging
Batting: RHB Jim Lee 0-0: Called Strike
0-1: Ball
1-1: Ball
2-1: Ball
3-1: Base on Balls
Batting: RHB Ricardo Pacheco 0-0: Called Strike
0-1: Fly out, F3 (Line Drive, 34)
Batting: RHB Vincent Klein 0-0: Called Strike
0-1: Ball
1-1: Called Strike
1-2: Foul Ball, location: 2F
1-2: Foul Ball, location: 2F
1-2: Strikes out swinging
Top of the 2nd over - 0 run(s), 0 hit(s), 0 error(s), 1 left on base; Tortolita 0 - Jersey City 0
BOTTOM OF THE 2ND
Jersey City Tritons batting - Pitching for Tortolita Drummers : RHP Jim Unknown
Batting: RHB Eddy Baxter 0-0: Foul Ball, location: 2F
0-1: Ball
1-1: Ground out U3 (Groundball, 34)
Batting: RHB Bob Heller 0-0: Ball
1-0: Ball
2-0: Foul Ball, location: 2F
2-1: Ball
3-1: Called Strike
3-2: Base on Balls
Batting: RHB Lionel McCloud 0-0: Ball
1-0: Ball
2-0: SINGLE (Groundball, 56D)
Bob Heller to second
Batting: SHB Vince Barrowcliff 0-0: Called Strike
0-1: Ball
1-1: Called Strike
1-2: SINGLE (Groundball, 4D)
Bob Heller to third
Lionel McCloud to second
Runner from 3rd tries for Home, throw and OUT!
Batting: RHB Gabriel Guerrero 0-0: Foul Ball, location: 2F
0-1: Ball
1-1: Swinging Strike
1-2: Ball
2-2: Foul Ball, location: 2F
2-2: Ball
3-2: Foul Ball, location: 2F
3-2: Ground out 4-3 (Groundball, 4)
Bottom of the 2nd over - 0 run(s), 2 hit(s), 0 error(s), 2 left on base; Tortolita 0 - Jersey City 0
TOP OF THE 3RD
Tortolita Drummers batting - Pitching for Jersey City Tritons : LHP Carlos Medina
Batting: RHB Gilberto Juárez 0-0: Ball
1-0: Ball
2-0: DOUBLE (Line Drive, 8LM)
Batting: RHB Stephen Blair 0-0: Called Strike
0-1: Foul Ball, location: 2F
0-2: Ball
1-2: Ground out 4-3 (Groundball, 34D)
Gilberto Juárez to third
Batting: RHB Sean Godron 0-0: Called Strike
0-1: Fly out, F8 (Flyball, 8LM)
Runner from 3rd tags up, SCORES, no throw
Batting: RHB Nathan Horton 0-0: Ball
1-0: Ground out 4-3 (Groundball, 34)
Top of the 3rd over - 1 run(s), 1 hit(s), 0 error(s), 0 left on base; Tortolita 1 - Jersey City 0
BOTTOM OF THE 3RD
Jersey City Tritons batting - Pitching for Tortolita Drummers : RHP Jim Unknown
Batting: RHB Luis Rodríguez 0-0: Ball
1-0: Ball
2-0: Ball
3-0: Base on Balls
Batting: RHB Brandon Reed 0-0: Ball
1-0: SINGLE (Flyball, 78M)
Luis Rodríguez to second
Batting: LHB Preston Witt 0-0: SINGLE (Line Drive, 6MD)
Luis Rodríguez to third
Brandon Reed to second
Runner from 3rd tries for Home, SAFE, no throw
Batting: RHB Mike Greene 0-0: Swinging Strike
0-1: SINGLE (Line Drive, 78S)
Brandon Reed to third
Preston Witt to second
Batting: RHB Eddy Baxter 0-0: Called Strike
0-1: Foul Ball, location: 2F
0-2: SINGLE (Groundball, 4MD)
Brandon Reed scores
Preston Witt to third
Mike Greene to second
Batting: RHB Bob Heller 0-0: Called Strike
0-1: Foul Ball, location: 2F
0-2: Ball
1-2: Ball
2-2: Fly out, F8 (Flyball, 8RS)
Batting: RHB Lionel McCloud 0-0: Called Strike
0-1: Ball
1-1: Called Strike
1-2: Fielders Choice at 2nd, 6-4 (Groundball, 56)
Preston Witt scores
Mike Greene to third
Batting: SHB Vince Barrowcliff 0-0: Ball
1-0: Foul Ball, location: 2F
1-1: Foul Ball, location: 2F
1-2: SINGLE (Groundball, 6D)
Mike Greene scores
Lionel McCloud to second
Batting: RHB Gabriel Guerrero 0-0: Ball
1-0: Ball
2-0: Called Strike
2-1: Called Strike
2-2: Ball
3-2: DOUBLE (Flyball, 89XD)
Lionel McCloud scores
Vince Barrowcliff to third
Vince Barrowcliff scores
Batting: RHB Luis Rodríguez 0-0: Foul Ball, location: 2F
0-1: Ball
1-1: Ball
2-1: Ball
3-1: Base on Balls
Batting: RHB Brandon Reed 0-0: Foul Ball, location: 2F
0-1: Ball
1-1: Called Strike
1-2: Fly out, F8 (Flyball, 8LM)
Bottom of the 3rd over - 6 run(s), 6 hit(s), 0 error(s), 2 left on base; Tortolita 1 - Jersey City 6
TOP OF THE 4TH
Tortolita Drummers batting - Pitching for Jersey City Tritons : LHP Carlos Medina
Batting: LHB Jesús Morales 0-0: Ball
1-0: Foul Ball, location: 2F
1-1: Foul Ball, location: 2F
1-2: Strikes out swinging
Batting: RHB Eddie O'Bryan 0-0: Ball
1-0: Foul Ball, location: 2F
1-1: Ball
2-1: Called Strike
2-2: Fly out, F7 (Flyball, 78M)
Batting: RHB Jim Lee 0-0: Ground out 6-3 (Groundball, 6)
Top of the 4th over - 0 run(s), 0 hit(s), 0 error(s), 0 left on base; Tortolita 1 - Jersey City 6
BOTTOM OF THE 4TH
Jersey City Tritons batting - Pitching for Tortolita Drummers : RHP Jim Unknown
Batting: LHB Preston Witt 0-0: Ball
1-0: Ball
2-0: Swinging Strike
2-1: Foul Ball, location: 2F
2-2: SINGLE (Groundball, 34D)
Batting: RHB Mike Greene 0-0: Called Strike
0-1: Called Strike
0-2: Foul Ball, location: 2F
0-2: Ball
1-2: Strikes out looking
Batting: RHB Eddy Baxter 0-0: SINGLE (Flyball, 4MD)
Preston Witt to second
Batting: RHB Bob Heller 0-0: Ball
1-0: Swinging Strike
1-1: Ball
2-1: Foul Ball, location: 2F
2-2: Ball
3-2: Foul Ball, location: 2F
3-2: Ground out 5-3 (Groundball, 56S)
Preston Witt to third
Eddy Baxter to second
Batting: RHB Lionel McCloud 0-0: Called Strike
0-1: Foul Ball, location: 2F
0-2: Ball
1-2: Foul Ball, location: 2F
1-2: Strikes out swinging passed ball, reaches first!
Preston Witt scores
Eddy Baxter to third
Batting: SHB Vince Barrowcliff 0-0: Foul Ball, location: 2F
0-1: SINGLE (Line Drive, 9S)
Eddy Baxter scores
Lionel McCloud to second
Pitching: RHP Mark Sinclair
Batting: RHB Gabriel Guerrero 0-0: Called Strike
0-1: Fly out, F9 (Flyball, 9LMF)
Bottom of the 4th over - 2 run(s), 3 hit(s), 0 error(s), 2 left on base; Tortolita 1 - Jersey City 8
TOP OF THE 5TH
Tortolita Drummers batting - Pitching for Jersey City Tritons : LHP Carlos Medina
Batting: RHB Ricardo Pacheco 0-0: Called Strike
0-1: Swinging Strike
0-2: Ball
1-2: Ball
2-2: SINGLE (Groundball, 6MD)
Batting: RHB Vincent Klein 0-0: Ball
1-0: Foul Ball, location: 2F
1-1: Foul Ball, location: 2F
1-2: Strikes out swinging
Batting: RHB Gilberto Juárez 0-0: Ball
1-0: Called Strike
1-1: Foul Ball, location: 2F
1-2: Ball
2-2: Fly out, F7 (Flyball, 7D)
Batting: RHB Stephen Blair 0-0: Ball
1-0: Called Strike
1-1: Ball
2-1: Foul Ball, location: 2F
2-2: Foul Ball, location: 2F
2-2: Foul Ball, location: 2F
2-2: Foul Ball, location: 2F
Pickoff Throw to First - Error! E1
Ricardo Pacheco to second
2-2: Foul Ball, location: 2F
2-2: Foul Ball, location: 2F
2-2: Ball
3-2: Base on Balls
Batting: RHB Sean Godron 0-0: Foul Ball, location: 2F
0-1: Ball
1-1: Ball
2-1: Ball
3-1: Called Strike
3-2: Fly out, F7 (Flyball, 7S)
Top of the 5th over - 0 run(s), 1 hit(s), 1 error(s), 2 left on base; Tortolita 1 - Jersey City 8
BOTTOM OF THE 5TH
Jersey City Tritons batting - Pitching for Tortolita Drummers : RHP Mark Sinclair
Batting: RHB Luis Rodríguez 0-0: Ball
1-0: Called Strike
1-1: Foul Ball, location: 2F
1-2: Strikes out swinging
Batting: RHB Brandon Reed 0-0: Called Strike
0-1: Ball
1-1: Foul Ball, location: 2F
1-2: Hit by Pitch
Batting: LHB Preston Witt 0-0: Ball
1-0: Swinging Strike
1-1: Ball
2-1: Ball
Brandon Reed steals 2nd base
3-1: Fly out, F7 (Line Drive, 7LM)
Batting: RHB Mike Greene 0-0: Foul Ball, location: 2F
0-1: Ball
1-1: Foul Ball, location: 2F
1-2: Ball
2-2: Foul Ball, location: 2F
2-2: Foul Ball, location: 2F
2-2: Foul Ball, location: 2F
2-2: Reached on error, E6 (Groundball, 6)
Brandon Reed to third
Batting: RHB Eddy Baxter 0-0: Ball
1-0: Ball
2-0: Called Strike
2-1: Swinging Strike
2-2: Foul Ball, location: 2F
2-2: Foul Ball, location: 2F
2-2: Ball
3-2: Foul Ball, location: 2F
3-2: Base on Balls
Mike Greene to second
Batting: RHB Bob Heller 0-0: Called Strike
0-1: Ball
1-1: Ball
2-1: Called Strike
2-2: Strikes out swinging
Bottom of the 5th over - 0 run(s), 0 hit(s), 1 error(s), 3 left on base; Tortolita 1 - Jersey City 8
TOP OF THE 6TH
Tortolita Drummers batting - Pitching for Jersey City Tritons : LHP Carlos Medina
Batting: RHB Nathan Horton 0-0: Ball
1-0: Ground out 5-3 (Groundball, 5)
Batting: LHB Jesús Morales 0-0: Ball
1-0: Fly out, F7 (Flyball, 78D)
Batting: RHB Eddie O'Bryan 0-0: Ball
1-0: Called Strike
1-1: Foul Ball, location: 2F
1-2: Strikes out looking
Top of the 6th over - 0 run(s), 0 hit(s), 0 error(s), 0 left on base; Tortolita 1 - Jersey City 8
BOTTOM OF THE 6TH
Jersey City Tritons batting - Pitching for Tortolita Drummers : RHP Mark Sinclair
Batting: RHB Lionel McCloud 0-0: Ball
1-0: Ball
2-0: Ball
3-0: Base on Balls
Pitching: RHP Jim Unknown
Batting: SHB Vince Barrowcliff 0-0: Ball
1-0: Ball
2-0: Foul Ball, location: 2F
2-1: Ball
3-1: Base on Balls
Lionel McCloud to second
Batting: RHB Gabriel Guerrero 0-0: Ball
1-0: Called Strike
1-1: Reached on error, E6 (Groundball, 6)
Lionel McCloud to third
Vince Barrowcliff to second
Batting: RHB Luis Rodríguez 0-0: Called Strike
0-1: Ball
1-1: Fly out, F9 (Flyball, 9LSF)
Runner from 3rd tags up, SCORES, no throw
Batting: RHB Brandon Reed 0-0: Foul Ball, location: 2F
0-1: SINGLE (Groundball, 56D)
Vince Barrowcliff to third
Gabriel Guerrero to second
Batting: LHB Preston Witt 0-0: Ball
1-0: Foul Ball, location: 2F
1-1: Ball
2-1: Grounds into fielders choice 1-2 (Groundball, 13S)
Gabriel Guerrero to third
Brandon Reed to second
Batting: RHB Mike Greene 0-0: Foul Ball, location: 2F
0-1: GRAND SLAM HOME RUN (Flyball, 7D), Distance : 386 ft
Batting: RHB Eddy Baxter 0-0: Ball
1-0: Swinging Strike
1-1: Ball
2-1: Foul Ball, location: 2F
2-2: Strikes out looking
Bottom of the 6th over - 5 run(s), 2 hit(s), 1 error(s), 0 left on base; Tortolita 1 - Jersey City 13
TOP OF THE 7TH
Tortolita Drummers batting - Pitching for Jersey City Tritons : LHP Carlos Medina
Batting: RHB Jim Lee 0-0: Ball
1-0: Ground out 4-3 (Groundball, 4M)
Batting: RHB Ricardo Pacheco 0-0: Swinging Strike
0-1: Foul Ball, location: 2F
0-2: SINGLE (Groundball, 4MD)
Batting: RHB Vincent Klein 0-0: Ball
Ricardo Pacheco steals 2nd base
1-0: Ball
2-0: Foul Ball, location: 2F
2-1: Called Strike
2-2: Fly out, F8 (Line Drive, 8RD)
Runner from 2nd tags up, SAFE at 3rd, no throw
Pitching: RHP Ben Logan
Batting: RHB Gilberto Juárez 0-0: Called Strike
0-1: Ball
1-1: Ball
2-1: Called Strike
2-2: Strikes out swinging
Top of the 7th over - 0 run(s), 1 hit(s), 0 error(s), 1 left on base; Tortolita 1 - Jersey City 13
BOTTOM OF THE 7TH
Jersey City Tritons batting - Pitching for Tortolita Drummers : RHP Jim Unknown
Batting: RHB Bob Heller 0-0: Called Strike
0-1: Ball
1-1: Foul Ball, location: 2F
1-2: Ball
2-2: SINGLE (Flyball, 7LS)
Pinch Hitting: RHB Salvador Pineda 0-0: Fly out, F9 (Flyball, 9LM)
Batting: SHB Vince Barrowcliff 0-0: Ball
1-0: Ball
2-0: Ball
3-0: Called Strike
3-1: Ground out 3-1 (Groundball, 23)
Bob Heller to second
Batting: RHB Gabriel Guerrero 0-0: Ball
1-0: Foul Ball, location: 2F
1-1: Ball
2-1: Fly out, F9 (Flyball, 9LSF)
Bottom of the 7th over - 0 run(s), 1 hit(s), 0 error(s), 1 left on base; Tortolita 1 - Jersey City 13
TOP OF THE 8TH
Tortolita Drummers batting - Pitching for Jersey City Tritons : RHP Ben Logan
Now at SS: Jonah Moody
Batting: RHB Stephen Blair 0-0: Hit by Pitch
Batting: RHB Sean Godron 0-0: Fly out, F8 (Flyball, 8LD)
Batting: RHB Nathan Horton 0-0: Ball
1-0: Called Strike
1-1: Ball
2-1: Swinging Strike
2-2: Grounds into double play, 1-6-3 (Groundball, P)
Top of the 8th over - 0 run(s), 0 hit(s), 0 error(s), 0 left on base; Tortolita 1 - Jersey City 13
BOTTOM OF THE 8TH
Jersey City Tritons batting - Pitching for Tortolita Drummers : RHP Jim Unknown
Batting: RHB Luis Rodríguez 0-0: Swinging Strike
0-1: Ball
1-1: Called Strike
1-2: Ball
2-2: Ball
3-2: Foul Ball, location: 2F
3-2: Base on Balls
Batting: RHB Brandon Reed 0-0: Called Strike
Luis Rodríguez steals 2nd base
0-1: Fly out, F8 (Flyball, 78M)
Batting: LHB Preston Witt 0-0: Ball
1-0: Foul Ball, location: 2F
1-1: Ball
2-1: Ground out U3 (Groundball, 3L)
Luis Rodríguez to third
Batting: RHB Mike Greene 0-0: Ball
1-0: Ball
2-0: Ball
3-0: Base on Balls
Batting: RHB Eddy Baxter 0-0: SINGLE (Line Drive, 8LS)
Luis Rodríguez scores
Mike Greene to second
Runner from 2nd tries for 3rd, SAFE, throw made to third
Pitching: RHP John Hicks
Batting: RHB Bob Heller 0-0: Foul Ball, location: 2F
0-1: Foul Ball, location: 2F
0-2: Foul Ball, location: 2F
0-2: Ball
1-2: Foul Ball, location: 2F
1-2: Foul Ball, location: 2F
1-2: Fly out, F8 (Flyball, 8LD)
Bottom of the 8th over - 1 run(s), 1 hit(s), 0 error(s), 2 left on base; Tortolita 1 - Jersey City 14
TOP OF THE 9TH
Tortolita Drummers batting - Pitching for Jersey City Tritons : RHP Ben Logan
Now at C: Dominique Prost
Now in CF: Lindsay Stewart
Batting: LHB Jesús Morales 0-0: Called Strike
0-1: Ball
1-1: Swinging Strike
1-2: Ball
2-2: Ground out 4-3 (Groundball, 4)
Batting: RHB Eddie O'Bryan 0-0: Ball
1-0: Called Strike
1-1: Foul Ball, location: 2F
1-2: Strikes out swinging
Batting: RHB Jim Lee 0-0: Ball
1-0: Ball
2-0: Called Strike
2-1: Ball
3-1: Called Strike
3-2: Strikes out swinging
Top of the 9th over - 0 run(s), 0 hit(s), 0 error(s), 0 left on base; Tortolita 1 - Jersey City 14
Saturday, May 26th, 2018 - OOTP Baseball 17.12 Build 75